Map: Acid Plant LE

Players

Iceman

  • Race: Zerg Zerg
  • League: Diamond
  • Spawn Location: 5:00

mutantmeals - Winner!

  • Race: Zerg Zerg
  • League: Diamond
  • Spawn Location: 11:00

VOD

Have the link to the VOD?

Description

Time

  • Played on: March 21, 2018, 2:38 a.m.
  • Length: 16:38
Show
View Real Time Build Order
Export as new Build Order

Iceman Zerg 

Build Orders: Hatch First, Lurkers, Zergling Baneling 

Get SALT Encoding   

  12  0:01  Drone  
  13  0:12  Overlord  
  13  0:18  Drone  
  14  0:30  Drone x2  
  14  0:34  Drone  
  17  0:52  Hatchery  
  17  0:55  Drone  
  17  0:58  Drone  
  18  1:09  Extractor  
  17  1:13  Spawning Pool  
  17  1:16  Drone  
  17  1:19  Drone  
  18  1:28  Drone  
  19  1:38  Overlord  
  19  2:00  Zergling x2, Queen  
  22  2:01  Zergling x2  
  22  2:04  Zergling x2, Queen  
  22  2:08  Metabolic Boost  
  26  2:10  Zergling x2  
  26  2:15  Zergling x2  
  28  2:21  Zergling x2  
  29  2:27  Zergling x2  
  30  2:31  Baneling Nest  
  30  2:32  Zergling x2  
  30  2:36  Zergling x2  
  31  3:11  Zergling x2  
  31  3:12  Zergling x10  
  36  3:18  Baneling x3  
  34  3:28  Queen  
  34  3:31  Baneling  
  34  3:32  Baneling x2  
  26  3:35  Drone x3  
  26  3:41  Zergling x2  
  30  3:48  Baneling  
  30  3:49  Spine Crawler  
  30  3:52  Drone  
  30  3:56  Baneling x2  
  30  4:01  Drone  
  31  4:08  Drone x2  
  33  4:23  Zergling x6, Baneling  
  33  4:24  Baneling  
  35  4:32  Overlord  
  35  4:33  Overlord  
  35  4:41  Overlord  
  35  4:45  Extractor  
  34  4:48  Baneling  
  34  4:49  Baneling x2  
  34  4:50  Drone  
  34  4:51  Drone x2  
  37  4:59  Drone, Evolution Chamber  
  37  5:02  Drone  
  37  5:14  Drone x2  
  37  5:15  Drone x3  
  41  5:21  Drone x2  
  43  5:31  Roach Warren  
  43  5:33  Extractor  
  41  5:48  Drone x8  
  48  5:52  Extractor, Zerg Missile Weapons Level 1  
  47  6:05  Overlord  
  47  6:11  Roach x4  
  55  6:14  Roach  
  55  6:15  Roach  
  59  6:23  Overlord  
  59  6:24  Roach  
  61  6:26  Roach  
  63  6:33  Roach  
  63  6:35  Roach  
  63  6:37  Overlord  
  67  6:41  Roach  
  69  6:49  Zergling x6  
  72  6:54  Lair  
  72  6:55  Zergling x2  
  72  6:57  Spore Crawler  
  72  7:01  Spore Crawler  
  72  7:02  Zergling x2  
  72  7:05  Zergling x2  
  72  7:07  Zergling x2  
  74  7:14  Zergling x6  
  76  7:15  Baneling  
  76  7:18  Zergling x2  
  72  7:30  Zergling x4  
  72  7:32  Zergling x2  
  72  7:33  Zergling x2  
  72  7:34  Zergling x2  
  68  7:41  Drone x2  
  68  7:44  Baneling x2  
  68  7:53  Glial Reconstitution  
  68  8:00  Hatchery  
  64  8:07  Drone x6  
  70  8:13  Zerg Missile Weapons Level 2  
  70  8:23  Roach x3  
  76  8:27  Roach  
  76  8:29  Ravager  
  76  8:30  Ravager x3  
  80  8:50  Roach x2  
  80  8:51  Roach  
  80  8:54  Roach  
  83  8:58  Roach  
  82  9:08  Roach x2  
  83  9:11  Hatchery  
  83  9:12  Roach x4  
  83  9:16  Roach x2  
  78  9:25  Roach x2, Hatchery  
  78  9:37  Overlord x2  
  78  9:41  Overlord x2  
  78  9:56  Roach x2  
  78  9:57  Ravager x4  
  78  9:58  Ravager x5  
  91  10:05  Roach x4  
  99  10:11  Roach x2  
  103  10:17  Roach  
  103  10:21  Roach  
  107  10:25  Overlord  
  107  10:31  Zergling x2  
  107  10:32  Overlord x2  
  107  10:34  Zerg Ground Armor Level 1  
  108  10:37  Drone x3  
  108  10:40  Drone x2  
  108  10:42  Overseer  
  113  10:45  Overseer  
  113  10:49  Roach  
  115  10:53  Baneling x2  
  115  10:56  Drone x3  
  118  10:57  Drone  
  118  10:58  Drone  
  118  11:02  Drone x2  
  122  11:05  Drone x2  
  124  11:15  Roach x3  
  124  11:16  Roach  
  132  11:18  Overseer  
  132  11:25  Overlord  
  132  11:26  Drone x5  
  132  11:29  Drone, Extractor  
  132  11:30  Extractor  
  136  11:39  Hydralisk Den  
  135  11:46  Overseer  
  135  11:50  Spine Crawler  
  135  11:52  Spore Crawler  
  135  11:53  Drone x3  
  136  11:59  Unknown  
  136  12:01  Overlord x3  
  136  12:02  Overlord x2  
  136  12:06  Roach  
  138  12:19  Spine Crawler  
  138  12:21  Roach x8  
  153  12:23  Roach  
  153  12:27  Grooved Spines  
  155  12:31  Lurker Den  
  155  12:33  Roach x2  
  155  12:36  Overlord  
  158  12:38  Overlord  
  158  12:52  Hydralisk x5  
  158  12:53  Hydralisk  
  158  12:57  Hydralisk  
  172  12:58  Hydralisk  
  172  13:03  Hydralisk  
  172  13:04  Hydralisk  
  178  13:21  Hydralisk x6  
  188  13:33  Hydralisk x3  
  194  13:34  Overlord x2  
  194  13:46  Overlord x2  
  194  13:49  Muscular Augments  
  194  13:55  Infestation Pit  
  193  14:17  Hydralisk x3  
  174  14:33  Lurker x7  
  174  14:34  Lurker x7  
  174  14:35  Hydralisk x4  
  92  15:17  Hydralisk x12  
  108  15:23  Hydralisk  
  110  15:33  Hydralisk  
  106  15:38  Hydralisk  
Show
View Real Time Build Order
Export as new Build Order

mutantmeals Zerg - Winner!

Build Orders: Pool First, Lurkers, Zergling Baneling 

Get SALT Encoding   

  12  0:02  Drone  
  13  0:09  Drone  
  14  0:16  Extractor  
  13  0:28  Spawning Pool  
  13  0:35  Drone x2  
  14  0:46  Overlord  
  14  1:16  Zergling x6  
  14  1:18  Metabolic Boost  
  17  1:27  Queen  
  17  1:32  Drone  
  20  1:39  Baneling Nest  
  19  1:46  Zergling x2  
  20  1:51  Zergling x2  
  21  2:01  Overlord  
  21  2:15  Zergling x2  
  22  2:21  Zergling x2  
  23  2:25  Baneling x2  
  23  2:32  Baneling x4  
  23  2:37  Zergling x6  
  26  2:47  Zergling x4  
  27  3:07  Zergling x2  
  27  3:10  Zergling x6  
  28  3:31  Zergling x4  
  27  3:35  Zergling x2  
  28  3:41  Baneling x4  
  28  3:42  Baneling x3  
  28  3:45  Drone x2  
  30  3:57  Overlord  
  29  4:23  Zergling x6  
  29  4:24  Zergling x4  
  29  4:43  Hatchery  
  28  4:47  Baneling x3  
  28  4:50  Baneling  
  28  4:52  Baneling  
  28  4:54  Baneling  
  28  4:56  Baneling  
  28  5:02  Drone  
  29  5:09  Drone x2  
  29  5:13  Drone  
  32  5:19  Drone  
  32  5:32  Roach Warren  
  32  5:33  Drone  
  30  5:47  Drone x4  
  31  6:01  Drone x3  
  34  6:06  Drone x2  
  34  6:08  Drone  
  37  6:13  Drone  
  37  6:18  Overlord  
  38  6:23  Queen  
  40  6:30  Overlord  
  40  6:45  Roach x2  
  40  6:46  Roach x3  
  50  6:49  Roach  
  52  6:56  Roach x2  
  52  6:57  Roach x2  
  60  7:04  Overlord  
  60  7:13  Roach  
  60  7:16  Overlord  
  60  7:18  Lair  
  60  7:21  Evolution Chamber  
  60  7:22  Roach  
  61  7:23  Roach  
  61  7:27  Roach  
  57  7:39  Roach  
  57  7:40  Drone x2  
  57  7:41  Drone x2  
  57  7:43  Extractor  
  62  7:46  Drone x2  
  62  7:49  Roach  
  66  7:57  Roach  
  68  8:03  Roach  
  70  8:14  Zergling x2  
  70  8:15  Zergling x4  
  75  8:20  Zergling x6  
  75  8:23  Hatchery  
  75  8:32  Zergling x2  
  76  8:42  Baneling x2  
  76  8:48  Zergling x4  
  75  8:50  Glial Reconstitution  
  73  8:56  Zergling x6  
  73  8:57  Zergling x8  
  73  8:58  Zerg Missile Weapons Level 1  
  67  9:11  Roach x4  
  67  9:15  Drone x2  
  72  9:23  Roach x2  
  68  9:25  Roach  
  62  9:33  Drone x2  
  62  9:34  Drone  
  62  9:36  Queen, Drone x2  
  69  9:41  Drone x2, Extractor  
  69  9:43  Extractor  
  71  9:45  Roach  
  71  9:46  Ravager  
  71  9:52  Overlord  
  72  9:53  Drone  
  72  9:58  Ravager  
  74  10:02  Drone x2  
  74  10:03  Drone  
  77  10:08  Drone  
  77  10:14  Overlord, Drone x3  
  78  10:15  Drone  
  78  10:17  Roach x3  
  88  10:23  Overlord  
  88  10:27  Overlord, Drone  
  89  10:30  Overlord  
  89  10:39  Roach x3  
  89  10:40  Roach  
  97  10:47  Ravager  
  97  10:48  Ravager x3  
  101  10:50  Drone x3  
  101  10:51  Drone x2  
  101  10:54  Extractor  
  101  10:55  Extractor  
  101  10:56  Drone x3  
  107  11:00  Zerg Missile Weapons Level 2  
  107  11:11  Overseer  
  107  11:13  Roach x4  
  107  11:17  Roach  
  117  11:20  Roach x2  
  121  11:29  Hydralisk Den  
  120  11:38  Overlord x2  
  120  11:49  Overlord  
  124  12:01  Roach x4  
  124  12:02  Roach x4  
  124  12:05  Overlord x2  
  136  12:09  Hatchery  
  135  12:17  Roach x5  
  135  12:21  Overlord  
  135  12:22  Overlord  
  145  12:23  Lurker Den  
  145  12:28  Ravager  
  145  12:29  Ravager x5  
  150  12:35  Overlord x2  
  150  12:37  Overseer  
  150  12:43  Unknown  
  150  12:55  Hydralisk x4  
  150  12:56  Hydralisk x4  
  166  12:59  Hydralisk  
  166  13:01  Hydralisk  
  166  13:05  Roach  
  172  13:06  Roach  
  174  13:17  Roach  
  176  13:20  Overlord x3  
  176  13:22  Overlord  
  176  13:30  Overlord x2  
  176  13:33  Overlord x2  
  176  13:56  Lurker x5  
  176  13:57  Lurker x4  
  176  14:02  Roach x3  
  191  14:03  Roach  
  191  14:08  Roach x3  
  199  14:18  Overseer  
  199  14:26  Extractor  
  198  14:32  Extractor  
  195  14:47  Roach x2  
  195  14:48  Roach x2  
  172  15:20  Hydralisk x3  
  172  15:21  Hydralisk x6  
  165  15:24  Hatchery  
  141  15:50  Overlord x3  
  109  16:11  Lurker  
Tags
 
Add a new tag
Caveats
  • Supply blocks, unpowered buildings, or Contaminate may cause inaccurate times.
  • Supply counts are checked every 10 seconds.